 Dungeon Crawl Stone Soup version 0.25.0-9-g26727b657a (webtiles) character file.

Game seed: 453168534472289105

2925347 Flugkiller the Slayer (level 23, 188/198 HPs)
             Began as a Deep Dwarf Fighter on June 22, 2020.
             Was the Champion of Makhleb.
             Escaped with the Orb
             ... and 3 runes!
             The game lasted 00:28:03 (25682 turns).

Flugkiller the Slayer (Deep Dwarf Fighter)         Turns: 25682, Time: 00:28:04

Health: 188/198    AC: 45    Str: 22 (25) XL:     23   Next: 31%
Magic:  13/13      EV:  7    Int:  7 (16) God:    Makhleb [******]
Gold:   3763       SH: 30    Dex: 10 (12) Spells: 22/22 levels left

rFire    + + +     SeeInvis .   I - +6 broad axe of Frustration {vorpal, rElec Int+4 Dex+2}
rCold    + + .     Gourm    .   U - +10 tower shield of Ignorance {rN+ Int-4}
rNeg     + + +     Faith    .   a - +6 gold dragon scales
rPois    +         Spirit   .   J - +2 helmet
rElec    +         Reflect  .   y - +2 cloak {rCorr}
rCorr    +         Harm     .   u - +2 pair of gloves
MR       ++++.     Rnd*Tele +   T - +2 pair of boots of Lovyno Raex {rN+ MR+ Regen+}
Stlth    ..........             (no amulet)
HPRegen  0.00/turn              f - ring of protection from fire
MPRegen  0.13/turn              F - ring of the Lich-sworn {*Corrode rF+ rC+ Int+4 Slay+6}

@: non-regenerating
A: damage resistance, heal wounds, hooves 2, thin skeletal structure 1, blink,
blurry vision 2, clumsy 2, deterioration 2, frail 2, negative energy resistance
1, sense surroundings 3, screaming 2, teleportitis 1, weak 1, wild magic 1, no
potion heal 1, no regeneration
0: Orb of Zot
}: 3/15 runes: barnacled, slimy, gossamer
a: Heal Wounds, Blink, Minor Destruction, Lesser Servant of Makhleb, Major
Destruction, Greater Servant of Makhleb, Renounce Religion


You escaped.
You worshipped Makhleb.
Makhleb was exalted by your worship.
You were not hungry.

You visited 9 branches of the dungeon, and saw 47 of its levels.

You collected 6039 gold pieces.
You spent 2276 gold pieces at shops.

Inventory:

Hand Weapons
 I - the +6 broad axe of Frustration (weapon) {vorpal, rElec Int+4 Dex+2}
   (You acquired it on level 1 of the Spider Nest)

   It inflicts extra damage upon your enemies.
   It affects your intelligence (+4).
   It affects your dexterity (+2).
   It insulates you from electricity.
 S - the +14 obsidian axe {vorpal, +Fly SInv *Curse}
   (You acquired it on level 2 of the Orcish Mines)

   It inflicts extra damage upon your enemies.
   It lets you see invisible.
   It lets you fly.
   It curses itself when equipped.
Missiles
 B - 8 throwing nets (quivered)
Armour
 a - +6 gold dragon scales (worn)
   (You found it on level 5 of the Depths)
 m - the +2 plate armour of Mirth {+Blink Str+3 Slay+2}
   (You found it on level 2 of the Spider Nest)

   It affects your strength (+3).
   It affects your accuracy and damage with ranged weapons and melee attacks
   (+2).
   It lets you blink.
 u - a +2 pair of gloves (worn)
   (You found it on level 1 of the Lair of Beasts)
 y - a +2 cloak of preservation (worn)
   (You found it on level 1 of the Lair of Beasts)
 J - a +2 helmet (worn)
   (You took it off Robin on level 4 of the Dungeon)
 Q - a +0 cloak of magic resistance
   (You took it off Maurice on level 1 of the Orcish Mines)
 T - the +2 pair of boots of Lovyno Raex (worn) {rN+ MR+ Regen+}
   (You acquired it on level 2 of the Orcish Mines)

   It protects you from negative energy.
   It affects your resistance to hostile enchantments.
   It increases your rate of regeneration.
 U - the +10 tower shield of Ignorance (worn) {rN+ Int-4}
   (You acquired it on level 2 of the Orcish Mines)

   It affects your intelligence (-4).
   It protects you from negative energy.
Jewellery
 c - an uncursed ring of protection from cold
   (You found it on level 4 of the Dungeon)
 f - a ring of protection from fire (left hand)
   (You found it on level 4 of the Dungeon)
 F - the ring of the Lich-sworn (right hand) {*Corrode rF+ rC+ Int+4 Slay+6}
   (You took it off a deep elf mage on level 10 of the Dungeon)

   [ring of protection from cold]

   It affects your intelligence (+4).
   It affects your accuracy and damage with ranged weapons and melee attacks
   (+6).
   It protects you from fire.
   It protects you from cold.
   It may corrode you when you take damage.
 G - an uncursed amulet of magic regeneration
   (You found it on level 4 of the Realm of Zot)
 H - the ring of Vehumet's Generosity {*Tele MR+}
   (You found it on level 10 of the Dungeon)

   [ring of teleportation]

   It may teleport you next to monsters.
   It affects your resistance to hostile enchantments.
 K - a +4 ring of evasion
   (You found it on level 5 of the Dungeon)
Wands
 g - a wand of acid (32)
   (You found it on level 11 of the Dungeon)
 s - a wand of iceblast (34)
   (You found it on level 8 of the Dungeon)
 v - a wand of digging (10)
   (You found it on level 3 of the Lair of Beasts)
 D - a wand of paralysis (33)
   (You found it on level 9 of the Dungeon)
Scrolls
 b - 2 scrolls of vulnerability
 k - a scroll of fear
 o - a scroll of holy word
 r - 16 scrolls of identify
 t - a scroll of teleportation
 x - 9 scrolls of remove curse
 z - 4 scrolls of blinking
 C - 4 scrolls of enchant weapon
 M - a scroll of immolation
 N - a scroll of fog
Potions
 d - 5 potions of might
 h - a potion of haste
 i - 5 potions of ambrosia
 j - 4 potions of lignification
 l - 2 potions of stabbing
 n - 2 potions of resistance
 p - 6 potions of berserk rage
 q - 8 potions of curing
 w - 6 potions of heal wounds
 A - 3 potions of magic
 E - a potion of invisibility
 L - 5 potions of flight
 R - 2 potions of cancellation
 W - 2 potions of brilliance
Miscellaneous
 O - a tin of tremorstones (3/3)
   (You found it on level 5 of the Lair of Beasts)
Comestibles
 e - 33 rations


   Skills:
 * Level 23.2 Fighting
 - Level 18.0 Axes
 + Level 21.8 Armour
 - Level 8.0 Dodging
 - Level 15.0 Shields
 - Level 15.0 Invocations
 - Level 6.0 Evocations


You had 22 spell levels left.
You didn't know any spells.
Your spell library was empty.

Dungeon Overview and Level Annotations

Branches:
Dungeon (15/15)            Temple (1/1) D:5            Lair (6/6) D:11
 Shoals (4/4) Lair:4       Spider (4/4) Lair:4        Slime (5/5) Lair:6
    Orc (2/2) D:11            Elf (0/3) Orc:2        Depths (5/5) D:15
    Zot (5/5) Depths:5
 Vaults: D:13-14

Altars:
Ashenzari
Cheibriados
Dithmenos
Elyvilon
Fedhas
Gozag
Hepliaklqana
Kikubaaqudgha
Makhleb
Nemelex Xobeh
Okawaru
Qazlal
Ru
Sif Muna
Trog
Uskayaw
Vehumet
Wu Jian
Xom
Yredelemnul
Zin
The Shining One
Jiyva

Shops:
D:5 *   D:8 (   Orc:1 !   Orc:2 [?}%

Portals:
Hell: Depths:3
Pandemonium: Orc:2 Depths:3
Ziggurat: Depths:2

Annotations:
D:7 1 runed translucent door, Crazy Yiuf
Lair:5 3 runed translucent doors, Depheass's ghost, journeyman CeAM
Spider:4 3 runed translucent doors, robotcentaur's ghost, adept TeNe


Innate Abilities, Weirdness & Mutations

You are resistant to damage.
You can heal yourself by infusing magical energy.
You resist negative energy. (rN+)
You passively map a large area around you.
You do not regenerate.
You have hoof-like feet.
You have a somewhat thin skeletal structure. (Dex +2, Stealth)
You can translocate small distances at will.
Scrolls take you longer to read.
You are very clumsy. (Dex -4)
Your body often deteriorates upon taking damage.
You are very frail. (-20% HP)
You sometimes yell uncontrollably at your foes.
You are occasionally teleported next to monsters.
You are weak. (Str -2)
Your spells are a little harder to cast, but a little more powerful.
Potions are less effective at restoring your health.


Message History

You feel better.
No target in view!
Unknown command.
No target in view!
No target in view!
There is a stone staircase leading up here.
You climb upwards.
There is a stone staircase leading down here.
Unknown command.
There is an open door here.
There is a strange disturbance nearby!
You can't go up here!
You see here 8 arrows.
Something hits you but does no damage.
Deactivating autopickup; reactivate with Ctrl-A.
There is an open door here.
Something hits you but does no damage.
There is a staircase leading out of the dungeon here.
Something hits you but does no damage.
You have escaped!

..........##+#####......'.......#
########..#≈..♣♣ #......####...##
# #..#≈...♣♣#.....## ##.##.
#.##≈...<♣#....## #.##.
#.##≈....♣#...## #....
#.##≈≈.P.♣##'## #....
#.##≈≈≈...##)# ####.
#.##.≈≈≈..'[.###### #.
#.##.≈P≈.@#.......# #.
#..'<≈P≈≈.#...###.# #.
#..#.≈PP≈≈#....##.# #.
####.≈≈PP≈#.....#.#######.
#..≈PP≈##.##.........÷.
#..≈≈≈≈##..(...########
#...≈≈≈##.###### #♣...≈≈##.#
...≈≈##.#


There were no monsters in sight!

Vanquished Creatures
  the Royal Jelly (Slime:5)
  Dissolution (Slime:3)
  2 ancient liches (Zot:5)
  3 orbs of fire (Zot:5)
  A juggernaut (Depths:5)
  6 Killer Klowns (Zot:5)
  A curse toe (Zot:5)
  8 caustic shrikes
  5 golden dragons
  A bone dragon (Zot:4)
  A Brimstone Fiend (D:9)
  2 electric golems (Zot:5)
  An Ice Fiend (D:2)
  Jorgrun (Spider:2)
  Asterion (Spider:1)
  3 liches
  8 tentacled monstrosities
  A titan (Depths:5)
  21 Orb Guardians
  A quicksilver dragon (Zot:5)
  16 acid blobs
  2 death cobs
  Kirke (D:14)
  11 storm dragons
  2 sphinxes
  2 draconian monks
  8 azure jellies
  4 shadow dragons
  2 tengu reavers
  An iron dragon (Depths:2)
  3 draconian scorchers
  2 fire giants
  9 frost giants
  9 ghost moths
  4 emperor scorpions
  2 draconian knights
  3 angels
  4 draconian shifters
  3 draconian annihilators
  11 stone giants
  10 very ugly things
  3 spriggan defenders
  A draconian stormcaller (Zot:5)
  5 entropy weavers
  8 green draconians
  2 vampire knights (Depths:2)
  A dire elephant (Lair:6)
  5 black draconians
  2 spark wasps
  8 white draconians
  6 yellow draconians
  6 red draconians
  3 purple draconians
  A deep elf death mage (Depths:2)
  7 death oozes (Slime:5)
  A deep elf high priest (Zot:4)
  7 ettins
  7 yaktaur captains
  Josephine (D:10)
  3 merfolk impalers
  2 merfolk javelineers (Shoals:4)
  6 fire dragons
  2 jiangshi (Depths:1)
  6 great orbs of eyes
  3 ogre magi
  4 hydras
  Fannar (Lair:3)
  6 spriggan air magi
  Harold (D:9)
  A hell beast (D:13)
  A monstrous demonspawn (D:15)
  Erolcha (Orc:1)
  8 centaur warriors
  3 two-headed ogres
  3 merfolk avatars
  A death knight (D:12)
  2 merfolk aquamancers (Shoals:4)
  2 deep troll earth magi (Depths:5)
  A deep troll shaman (Depths:2)
  7 orc high priests
  2 vampire magi
  Sonja (Orc:1)
  2 sun demons (Orc:2)
  10 spriggan berserkers
  Urug (D:10)
  A shock serpent (shapeshifter) (Depths:1)
  5 sea snakes
  4 deep trolls
  An iron troll (Depths:2)
  A glowing orange brain (Depths:1)
  A shadow dragon zombie (Depths:2)
  3 gelid demonspawn
  A shadow demon (Zot:5)
  A flayed ghost (Depths:5)
  An infernal demonspawn (Orc:2)
  A torturous demonspawn (D:15)
  A deep elf archer (D:14)
  8 orc knights
  A wizard (D:10)
  Pikel (D:9)
  2 necromancers
  12 orb spiders
  18 wolf spiders
  26 ugly things
  5 orc sorcerers (Orc:2)
  6 deep elf magi
  3 shining eyes
  12 moths of wrath
  5 fauns (Shoals:2)
  A salamander (shapeshifter) (Depths:2)
  4 manticores
  3 cyclopes
  A rust devil (Orc:2)
  A water nymph (shapeshifter) (Depths:2)
  A water nymph (Shoals:4)
  10 elephants
  5 merfolk sirens
  Maurice (Orc:1)
  A smoke demon (Orc:2)
  2 centaur skeletons
  A gargoyle (D:12)
  3 black mambas
  10 spiny frogs
  An efreet (D:15)
  2 hellions (Zot:5)
  2 orange demons (D:15)
  9 yaktaurs
  A rime drake (Lair:6)
  13 demonic crawlers
  2 ice devils
  A freezing wraith (D:15)
  9 komodo dragons
  2 hellwings
  A spriggan skeleton (Depths:2)
  4 tengu conjurers
  A meliai (shapeshifter) (D:15)
  3 wind drakes
  3 meliai (D:13)
  2 polar bears (Lair:6)
  3 trolls
  A harpy zombie (D:15)
  6 merfolk
  22 blink frogs
  22 jumping spiders
  10 hornets
  23 slime creatures
  17 dream sheep
  15 hippogriffs
  A meliai zombie (D:13)
  4 shadows
  50 redbacks
  5 spriggans
  A centaur simulacrum (D:13)
  4 wraiths
  4 wyverns (Lair:6)
  A vampire (D:11)
  38 yaks
  25 tarantellas
  2 water elementals
  2 basilisks (shapeshifter)
  A yak (shapeshifter) (Depths:2)
  A steam dragon (Lair:3)
  A hog (D:14)
  2 hungry ghosts
  6 vampire mosquitoes
  3 basilisks
  A neqoxec (Orc:2)
  3 wargs (Orc:2)
  A human zombie (Depths:2)
  2 soldier ants
  An acid dragon (D:13)
  14 water moccasins
  A two-headed ogre zombie (D:11)
  3 floating eyes
  10 porcupines
  4 sky beasts
  35 orc warriors
  A hornet zombie (D:15)
  4 ice beasts
  2 black bears
  An eye of draining (D:7)
  3 necrophages
  A phantom (D:11)
  9 wolves
  10 boggarts (D:15)
  11 ogres
  17 centaurs
  15 crocodiles
  Blork the orc (D:5)
  2 big kobolds
  9 bullfrogs
  A wyvern zombie (D:11)
  A wyvern skeleton (D:12)
  4 scorpions
  A troll zombie (D:11)
  6 killer bees (D:9)
  3 electric eels
  5 howler monkeys
  3 crimson imps
  6 centaur zombies
  3 quasits
  25 orc priests
  28 orc wizards
  3 jellies
  9 hounds
  3 bullfrog skeletons
  6 iguanas
  15 worker ants
  3 polar bear simulacra (Lair:2)
  3 wolf simulacra (Lair:2)
  2 yak simulacra (Lair:2)
  6 ogre zombies (D:11)
  A hound zombie (D:6)
  A howler monkey zombie (D:11)
  Robin (D:4)
  7 gnolls (D:4)
  12 adders
  A shadow imp (D:15)
  A white imp (Depths:1)
  4 oozes
  2 adder skeletons (D:4)
  A dart slug (D:1)
  3 leopard geckos
  97 orcs
  5 giant cockroaches
  10 goblins
  8 hobgoblins
  11 jackals
  4 quokkas
  3 bats
  3 frilled lizards
  3 goblin zombies (D:11)
  3 hobgoblin skeletons (D:11)
  4 hobgoblin zombies (D:11)
  A jackal skeleton (D:4)
  15 kobolds
  A leopard gecko skeleton (D:4)
  An orc skeleton (D:11)
  14 orc zombies (D:11)
  3 rats
  3 river rat simulacra (Lair:2)
  2 bushes (Lair:6)
  A fungus (Lair:1)
  15 plants
1360 creatures vanquished.

Vanquished Creatures (collateral kills)
  An orb of fire (Zot:5)
  2 caustic shrikes
  8 Orb Guardians (Zot:5)
  An acid blob (Slime:2)
  A quicksilver dragon (Zot:2)
  A sphinx (Depths:3)
  A tengu reaver (Depths:2)
  A shadow dragon (Depths:5)
  An iron dragon (Depths:2)
  A draconian knight (Zot:2)
  2 frost giants (Depths:2)
  A fire giant (Zot:4)
  An orc warlord (Orc:2)
  A draconian shifter (Depths:5)
  A ghost moth (Spider:4)
  2 emperor scorpions (Spider:4)
  A draconian stormcaller (Zot:1)
  A draconian annihilator (Zot:1)
  A stone giant (Depths:1)
  A vampire knight (Depths:2)
  2 green draconians
  2 black draconians (Zot:2)
  2 white draconians
  A red draconian (Zot:1)
  A yellow draconian (Zot:1)
  A death ooze (Slime:5)
  2 great orbs of eyes (Slime:5)
  A yaktaur captain (Depths:3)
  A fire dragon (Depths:1)
  6 hydras
  An ice dragon (Depths:2)
  A merfolk avatar (Shoals:2)
  A centaur warrior (Depths:2)
  A tengu warrior (Depths:5)
  A spriggan berserker (Depths:2)
  3 spriggans
  A deep troll (Depths:5)
  5 orb spiders (Spider:4)
  An orc sorcerer (Orc:2)
  A cyclops (D:10)
  A deep elf mage (D:10)
  2 shining eyes
  3 moths of wrath
  2 wolf spiders (Spider:4)
  9 slime creatures
  A merfolk siren (Shoals:3)
  3 elephants
  2 spiny frogs (Lair:6)
  A komodo dragon (Lair:6)
  7 yaktaurs
  2 demonic crawlers (Spider:4)
  6 hornets
  A tengu conjurer (D:10)
  5 jumping spiders (Spider:4)
  5 merfolk
  A blink frog (Lair:6)
  A hippogriff (Lair:3)
  3 dream sheep (Lair:5)
  3 tarantellas (Spider:4)
  5 redbacks
  A wyvern (D:10)
  A wraith (D:10)
  2 yaks (D:10)
  2 hogs (D:14)
  A water moccasin (Lair:6)
  3 orc warriors
  An eye of draining (Slime:4)
  A black bear (shapeshifter) (Depths:2)
  A hound (D:10)
  3 orc priests
  2 orc wizards (Orc:2)
  A hound zombie (D:10)
  A shadow imp (D:10)
  4 orcs (Orc:2)
  2 plants (Zot:1)
154 creatures vanquished.

Vanquished Creatures (others)
  A draconian knight (Zot:4)
  An ettin (Depths:1)
  A merfolk javelineer (Shoals:4)
  2 elephants (Lair:6)
  A human (D:14)
  A bullfrog (Lair:3)
  An orc priest (D:14)
  2 orc wizards
  3 orcs (D:14)
  2 fungi (Lair:5)
  6 plants
21 creatures vanquished.

Grand Total: 1535 creatures vanquished

Notes
Turn   | Place    | Note
-------+----------+-------------------------------------------
     0 | D:1      | Flugkiller the Deep Dwarf Fighter began the quest for the
                  | Orb.
     0 | D:1      | Reached XP level 1. HP: 20/20 MP: 1/1
   191 | D:1      | Reached XP level 2. HP: 18/27 MP: 2/2
   554 | D:2      | Found a white marble altar of Elyvilon.
   594 | D:2      | Reached skill level 3 in Fighting
   594 | D:2      | Reached XP level 3. HP: 17/34 MP: 3/3
   712 | D:3      | Reached XP level 4. HP: 38/42 MP: 4/4
   861 | D:4      | Noticed Robin
   873 | D:4      | Killed Robin
   888 | D:4      | Reached XP level 5. HP: 20/49 MP: 4/4
   949 | D:4      | Reached XP level 6. HP: 38/57 MP: 4/4
  1026 | D:4      | Reached skill level 5 in Axes
  1257 | D:4      | Reached skill level 4 in Fighting
  1269 | D:4      | Reached skill level 5 in Armour
  1269 | D:4      | Reached XP level 7. HP: 38/64 MP: 4/4
  1364 | D:4      | Reached skill level 5 in Shields
  1662 | D:5      | Entered Level 5 of the Dungeon
  1672 | D:5      | Found Xusit's General Store.
  1677 | D:5      | Noticed Blork the orc
  1692 | D:5      | Killed Blork the orc
  1706 | D:5      | Bought a potion of heal wounds for 75 gold pieces
  1722 | D:5      | Found a staircase to the Ecumenical Temple.
  1734 | Temple   | Entered the Ecumenical Temple
  1903 | Temple   | Became a worshipper of Makhleb the Destroyer
  2339 | D:6      | Reached skill level 1 in Invocations
  2339 | D:6      | Reached XP level 8. HP: 36/73 MP: 3/3
  2373 | D:6      | Noticed a hippogriff
  2384 | D:6      | Killed a hippogriff
  2517 | D:6      | Reached skill level 5 in Fighting
  2569 | D:6      | Reached * piety under Makhleb
  2943 | D:6      | Gained mutation: You passively map the area around you.
                  | [Deep Dwarf growth]
  2943 | D:6      | Reached XP level 9. HP: 62/81 MP: 5/5
  3644 | D:7      | Reached ** piety under Makhleb
  3692 | D:7      | Found a burning altar of Makhleb.
  3692 | D:7      | Noticed a cacodemon
  3822 | D:7      | Found a runed translucent door.
  3823 | D:7      | Noticed Crazy Yiuf
  4093 | D:8      | Found an ornate altar of the Wu Jian Council.
  4131 | D:8      | Found Kosut's Weapon Emporium.
  4138 | D:8      | You fall into a shaft and drop 1 floor!
  4155 | D:9      | Noticed a two-headed ogre
  4177 | D:9      | Killed a two-headed ogre
  4177 | D:9      | Reached skill level 6 in Fighting
  4177 | D:9      | Reached skill level 5 in Invocations
  4375 | D:8      | Reached XP level 10. HP: 54/91 MP: 7/7
  4583 | D:9      | Noticed Pikel
  4621 | D:9      | Killed Pikel
  4666 | D:9      | Reached skill level 10 in Axes
  4830 | D:9      | Noticed Harold
  4855 | D:9      | Killed Harold
  5212 | D:9      | Reached *** piety under Makhleb
  5241 | D:9      | Reached skill level 7 in Fighting
  5600 | D:10     | Entered Level 10 of the Dungeon
  5692 | D:10     | Reached XP level 11. HP: 42/100 MP: 7/7
  5908 | D:10     | Noticed Urug
  5925 | D:10     | Noticed Josephine
  5947 | D:10     | Killed Josephine
  6010 | D:10     | Killed Urug
  6103 | D:10     | Noticed a wizard
  6103 | D:10     | Noticed a centaur warrior
  6109 | D:10     | Noticed a four-headed hydra
  6124 | D:10     | Identified the ring of the Lich-sworn {*Corrode rF+ rC+
                  | Int+4 Slay+6}
  6124 | D:10     | Noticed a deep elf mage
  6139 | D:10     | Killed a centaur warrior
  6150 | D:10     | Killed a deep elf mage
  6157 | D:10     | Killed a ten-headed hydra
  6161 | D:10     | Killed a wizard
  6189 | D:10     | Found a runed translucent door.
  6190 | D:10     | Got a crude bronze amulet
  6191 | D:10     | Found a runed translucent door.
  6197 | D:10     | Got a pitted bronze ring
  6197 | D:10     | Identified the ring of Vehumet's Generosity {*Tele MR+}
                  | (You found it on level 10 of the Dungeon)
  6231 | D:10     | Got a pitted emerald amulet
  6537 | D:10     | Identified the amulet of Keoq {Inacc Int+2} (You found it
                  | on level 10 of the Dungeon)
  6538 | D:10     | Identified the amulet "Fosm" {Faith rC- Int+4 Stlth+} (You
                  | found it on level 10 of the Dungeon)
  6671 | D:11     | Noticed a white ugly thing
  6680 | D:11     | Killed a white ugly thing
  6737 | D:11     | Reached **** piety under Makhleb
  6759 | D:11     | Found a staircase to the Orcish Mines.
  6973 | D:11     | Found a staircase to the Lair.
  7464 | D:11     | Reached ***** piety under Makhleb
  7708 | Lair:1   | Entered Level 1 of the Lair of Beasts
  7746 | Lair:1   | Reached skill level 8 in Fighting
  7992 | Lair:1   | Reached XP level 12. HP: 61/110 MP: 5/5
  8976 | Lair:2   | Reached skill level 10 in Invocations
  9014 | Lair:2   | Reached skill level 10 in Shields
  9037 | Lair:2   | Reached skill level 10 in Armour
  9157 | Lair:2   | Noticed a five-headed hydra
  9163 | Lair:2   | Noticed a balrug
  9180 | Lair:2   | Killed a ten-headed hydra
 10007 | Lair:3   | Noticed a seven-headed hydra
 10028 | Lair:3   | Killed a 14-headed hydra
 10213 | Lair:3   | Noticed Fannar
 10250 | Lair:3   | Killed Fannar
 10820 | Lair:4   | Reached skill level 9 in Fighting
 10823 | Lair:4   | Reached XP level 13. HP: 121/121 MP: 7/7
 10899 | Lair:4   | Found a hole to the Spider Nest.
 11219 | Lair:4   | Found a staircase to the Shoals.
 12759 | D:13     | Reached ****** piety under Makhleb
 12772 | D:13     | Identified a scroll of acquirement
 13197 | D:14     | Reached skill level 15 in Axes
 13325 | D:14     | Gained mutation: You resist negative energy. (rN+) [Deep
                  | Dwarf growth]
 13325 | D:14     | Reached XP level 14. HP: 77/130 MP: 9/9
 13404 | D:15     | Entered Level 15 of the Dungeon
 13644 | D:15     | Reached skill level 10 in Fighting
 14250 | D:15     | Found a staircase to the Depths.
 14414 | D:14     | Noticed Kirke
 14426 | D:14     | Killed Kirke
 14529 | Orc:1    | Entered Level 1 of the Orcish Mines
 14529 | Orc:1    | Noticed Sonja
 14540 | Orc:1    | Noticed Maurice
 14541 | Orc:1    | Killed Sonja
 14546 | Orc:1    | Found Olifast's Distillery.
 14551 | Orc:1    | Killed Maurice
 14593 | Orc:1    | Noticed Erolcha
 14609 | Orc:1    | Killed Erolcha
 14622 | Orc:1    | Bought a potion of haste for 130 gold pieces
 14622 | Orc:1    | Bought 2 potions of cancellation for 208 gold pieces
 14640 | Orc:1    | Bought a potion of might for 52 gold pieces
 14640 | Orc:1    | Bought a potion of might for 52 gold pieces
 14872 | Orc:2    | Entered Level 2 of the Orcish Mines
 14894 | Orc:2    | Found Ihozajim's Magic Scroll Shop.
 14895 | Orc:2    | Found Heaheg's Food Boutique.
 15192 | Orc:2    | Found a staircase to the Elven Halls.
 15351 | Orc:2    | Reached XP level 15. HP: 130/140 MP: 8/8
 15365 | Orc:2    | Bought 3 scrolls of acquirement for 1560 gold pieces
 15366 | Orc:2    | Got the +2 pair of boots of Lovyno Raex {rN+ MR+ Regen+}
 15368 | Orc:2    | Found the +10 tower shield of Ignorance {rN+ Int-4}
 15368 | Orc:2    | Got the +10 tower shield of Ignorance {rN+ Int-4}
 15370 | Orc:2    | Found the +14 obsidian axe {vorpal, +Fly SInv *Curse}
 15370 | Orc:2    | Got the +14 obsidian axe {vorpal, +Fly SInv *Curse}
 15458 | Orc:2    | Found Wilimiud's Gadget Shoppe.
 15458 | Orc:2    | Found Dahodd's Antique Armour Emporium.
 15458 | Orc:2    | Found a one-way gate leading to the halls of Pandemonium.
 15501 | Orc:2    | Noticed an orc warlord
 15517 | Orc:2    | Killed an orc warlord
 16151 | Orc:2    | Bought a pair of heavily runed gloves for 199 gold pieces
 16161 | Orc:2    | Identified the cursed -1 pair of gloves of Freedom {Int+4}
                  | (You bought it in a shop on level 2 of the Orcish Mines)
 16382 | Spider:1 | Entered Level 1 of the Spider Nest
 16449 | Spider:1 | Got the +6 broad axe of Frustration {vorpal, rElec Int+4
                  | Dex+2}
 16512 | Spider:1 | Reached skill level 11 in Fighting
 16518 | Spider:1 | Noticed Asterion
 16546 | Spider:1 | Killed Asterion
 16836 | Spider:2 | Got a spiked plate armour
 16847 | Spider:2 | Identified the +2 plate armour of Mirth {+Blink Str+3
                  | Slay+2} (You found it on level 2 of the Spider Nest)
 16876 | Spider:2 | Noticed Jorgrun
 16883 | Spider:2 | Killed Jorgrun
 17170 | Spider:3 | Noticed a ghost moth
 17174 | Spider:3 | Killed a ghost moth
 17354 | Spider:4 | Entered Level 4 of the Spider Nest
 17369 | Spider:4 | Reached XP level 16. HP: 151/151 MP: 10/10
 17901 | Spider:4 | Found a runed translucent gate.
 17901 | Spider:4 | Found a runed translucent gate.
 17908 | Spider:4 | Found a runed translucent gate.
 17910 | Spider:4 | Noticed robotcentaur's ghost (adept TeNe)
 17993 | Spider:4 | Reached skill level 15 in Invocations
 18023 | Spider:4 | Reached skill level 12 in Fighting
 18059 | Spider:4 | Got a gossamer rune of Zot
 18507 | Shoals:1 | Entered Level 1 of the Shoals
 18683 | Shoals:2 | Found a shimmering altar of Xom.
 18767 | Shoals:3 | Reached skill level 1 in Dodging
 18897 | Shoals:4 | Entered Level 4 of the Shoals
 18996 | Shoals:4 | Got a barnacled rune of Zot
 19021 | Shoals:4 | Reached XP level 17. HP: 162/162 MP: 12/12
 19312 | Lair:5   | Found a runed translucent gate.
 19313 | Lair:5   | Found a runed translucent gate.
 19314 | Lair:5   | Found a runed translucent gate.
 19386 | Lair:5   | Reached skill level 1 in Evocations
 19393 | Lair:5   | Reached skill level 13 in Fighting
 19883 | Lair:5   | Noticed Depheass's ghost (journeyman CeAM)
 19897 | Lair:6   | Entered Level 6 of the Lair of Beasts
 20782 | Lair:6   | Found a viscous altar of Jiyva.
 20782 | Lair:6   | Found a staircase to the Slime Pits.
 20791 | Slime:1  | Entered Level 1 of the Pits of Slime
 20791 | Slime:1  | Noticed an acid blob
 20796 | Slime:1  | Killed an acid blob
 20803 | Slime:2  | Noticed an acid blob
 20807 | Slime:2  | Noticed an acid blob
 20814 | Slime:2  | Reached skill level 5 in Dodging
 20815 | Slime:2  | Killed an acid blob
 20818 | Slime:2  | Killed an acid blob
 20818 | Slime:2  | Reached skill level 15 in Armour
 20818 | Slime:2  | Reached skill level 15 in Shields
 20829 | Slime:3  | Noticed Dissolution
 20843 | Slime:3  | Killed Dissolution
 20843 | Slime:3  | Reached skill level 5 in Evocations
 20845 | Slime:3  | Gained mutation: You are clumsy. (Dex -2) [a shining eye]
 20854 | Slime:3  | Gained mutation: You are very clumsy. (Dex -4) [a shining
                  | eye]
 20869 | Slime:4  | Noticed an acid blob
 20878 | Slime:4  | Gained mutation: You are frail. (-10% HP) [a shining eye]
 20882 | Slime:4  | Gained mutation: You occasionally shout uncontrollably at
                  | your foes. [a shining eye]
 20883 | Slime:4  | Killed an acid blob
 20902 | Slime:5  | Entered Level 5 of the Pits of Slime
 20935 | Slime:5  | Noticed an acid blob
 20943 | Slime:5  | Killed an acid blob
 20943 | Slime:5  | Reached skill level 14 in Fighting
 20949 | Slime:5  | Noticed an acid blob
 20953 | Slime:5  | Killed an acid blob
 20956 | Slime:5  | Gained mutation: You are very frail. (-20% HP) [a shining
                  | eye]
 20970 | Slime:5  | Noticed the Royal Jelly
 20975 | Slime:5  | Noticed an acid blob
 20976 | Slime:5  | Noticed an acid blob
 20977 | Slime:5  | Noticed an acid blob
 20977 | Slime:5  | Noticed an acid blob
 20979 | Slime:5  | Noticed an acid blob
 20980 | Slime:5  | Killed an acid blob
 20980 | Slime:5  | Killed an acid blob
 20980 | Slime:5  | Killed an acid blob
 20980 | Slime:5  | Killed the Royal Jelly
 20980 | Slime:5  | Gained mutation: You passively map a large area around you.
                  | [Deep Dwarf growth]
 20980 | Slime:5  | Reached XP level 18. HP: 140/140 MP: 13/13
 21003 | Slime:5  | Gained mutation: Scrolls take you a little longer to read.
                  | [a shining eye]
 21004 | Slime:5  | Gained mutation: You are dopey. (Int -2) [a shining eye]
 21010 | Slime:5  | Gained mutation: Your body sometimes deteriorates upon
                  | taking damage. [a shining eye]
 21073 | Slime:5  | Got a slimy rune of Zot
 21499 | Depths:1 | Entered Level 1 of the Depths
 21514 | Depths:1 | Reached skill level 15 in Fighting
 21542 | Depths:1 | Lost mutation: You are very clumsy. (Dex -4) [potion of
                  | mutation]
 21542 | Depths:1 | Lost mutation: Scrolls take you a little longer to read.
                  | [potion of mutation]
 21542 | Depths:1 | Lost mutation: You are dopey. (Int -2) [potion of mutation]
 21542 | Depths:1 | Gained mutation: You are occasionally teleported next to
                  | monsters. [potion of mutation]
 21542 | Depths:1 | Gained mutation: Your mind is acute. (Int +2) [potion of
                  | mutation]
 21542 | Depths:1 | Gained mutation: You have large cloven feet. [potion of
                  | mutation]
 21542 | Depths:1 | Gained mutation: You can translocate small distances at
                  | will. [potion of mutation]
 21653 | Depths:2 | Found a gateway to a ziggurat.
 21945 | Depths:2 | Reached skill level 16 in Fighting
 21950 | Depths:2 | Noticed a tentacled monstrosity
 21967 | Depths:2 | Killed a tentacled monstrosity
 21968 | Depths:2 | Reached XP level 19. HP: 128/150 MP: 14/14
 22180 | Depths:2 | Noticed a caustic shrike
 22180 | Depths:2 | Noticed a caustic shrike
 22181 | Depths:2 | Noticed a caustic shrike
 22181 | Depths:2 | Noticed a caustic shrike
 22181 | Depths:2 | Noticed a caustic shrike
 22181 | Depths:2 | Noticed a caustic shrike
 22181 | Depths:2 | Noticed a caustic shrike
 22181 | Depths:2 | Noticed a caustic shrike
 22190 | Depths:2 | Killed a caustic shrike
 22190 | Depths:2 | Killed a caustic shrike
 22190 | Depths:2 | Reached skill level 17 in Fighting
 22194 | Depths:2 | Killed a caustic shrike
 22194 | Depths:2 | Killed a caustic shrike
 22200 | Depths:2 | Killed a caustic shrike
 22201 | Depths:2 | Killed a caustic shrike
 22206 | Depths:2 | Killed a caustic shrike
 22207 | Depths:2 | Killed a caustic shrike
 22359 | Depths:3 | Lost mutation: Your body sometimes deteriorates upon taking
                  | damage. [potion of mutation]
 22359 | Depths:3 | Lost mutation: You occasionally shout uncontrollably at
                  | your foes. [potion of mutation]
 22359 | Depths:3 | Lost mutation: You are occasionally teleported next to
                  | monsters. [potion of mutation]
 22359 | Depths:3 | Gained mutation: You have a somewhat thin skeletal
                  | structure. (Dex +2, Stealth) [potion of mutation]
 22359 | Depths:3 | Gained mutation: Your spells are a little harder to cast,
                  | but a little more powerful. [potion of mutation]
 22359 | Depths:3 | Gained mutation: Your mind is very acute. (Int +4) [potion
                  | of mutation]
 22377 | Depths:3 | Paralysed by a floating eye for 2 turns
 22775 | Depths:3 | Found a gateway to Hell.
 22855 | Depths:5 | Entered Level 5 of the Depths
 22865 | Depths:5 | Reached skill level 18 in Fighting
 22924 | Depths:5 | Paralysed by a floating eye for 4 turns
 22947 | Depths:5 | Reached XP level 20. HP: 123/163 MP: 15/15
 22960 | Depths:5 | Noticed a juggernaut
 22962 | Depths:5 | Paralysed by a floating eye for 2 turns
 22976 | Depths:5 | Killed a juggernaut
 23040 | Depths:5 | Noticed a caustic shrike
 23040 | Depths:5 | Noticed a caustic shrike
 23054 | Depths:5 | Killed a caustic shrike
 23065 | Depths:5 | Killed a caustic shrike
 23111 | Depths:5 | Noticed a golden dragon
 23126 | Depths:5 | Killed a golden dragon
 23130 | Depths:5 | Found a gate to the Realm of Zot.
 23140 | Depths:5 | Reached skill level 19 in Fighting
 23272 | Zot:1    | Entered Level 1 of the Realm of Zot
 23305 | Zot:1    | Noticed a golden dragon
 23320 | Zot:1    | Killed a golden dragon
 23592 | Zot:2    | Reached XP level 21. HP: 174/174 MP: 16/16
 23649 | Zot:2    | Reached skill level 20 in Fighting
 23960 | Zot:4    | Noticed a golden dragon
 23971 | Zot:4    | Killed a golden dragon
 24195 | Zot:5    | Entered Level 5 of the Realm of Zot
 24296 | Zot:5    | Noticed a curse toe
 24299 | Zot:5    | Noticed an ancient lich
 24307 | Zot:5    | Killed a curse toe
 24307 | Zot:5    | Reached skill level 21 in Fighting
 24313 | Zot:5    | Killed an ancient lich
 24317 | Zot:5    | Noticed an orb of fire
 24317 | Zot:5    | Noticed a Killer Klown
 24317 | Zot:5    | Noticed an orb of fire
 24317 | Zot:5    | Noticed a Killer Klown
 24319 | Zot:5    | Noticed an orb of fire
 24320 | Zot:5    | Noticed a Killer Klown
 24322 | Zot:5    | Noticed a Killer Klown
 24329 | Zot:5    | Gained mutation: You have hoof-like feet. [an orb of fire]
 24336 | Zot:5    | Lost mutation: Your mind is very acute. (Int +4) [an orb of
                  | fire]
 24358 | Zot:5    | Lost mutation: Your mind is acute. (Int +2) [an orb of
                  | fire]
 24361 | Zot:5    | Gained mutation: Potions are less effective at restoring
                  | your health. [an orb of fire]
 24362 | Zot:5    | Lost mutation: You are very frail. (-20% HP) [a neqoxec]
 24364 | Zot:5    | Gained mutation: You are weak. (Str -2) [an orb of fire]
 24368 | Zot:5    | Gained mutation: You occasionally shout uncontrollably at
                  | your foes. [an orb of fire]
 24374 | Zot:5    | Gained mutation: Your body sometimes deteriorates upon
                  | taking damage. [an orb of fire]
 24378 | Zot:5    | Gained mutation: Scrolls take you a little longer to read.
                  | [mutagenic glow]
 24380 | Zot:5    | Killed an orb of fire
 24384 | Zot:5    | Killed an orb of fire
 24384 | Zot:5    | Reached XP level 22. HP: 208/208 MP: 15/15
 24387 | Zot:5    | Gained mutation: You sometimes yell uncontrollably at your
                  | foes. [an orb of fire]
 24389 | Zot:5    | Killed a Killer Klown
 24403 | Zot:5    | Noticed a Killer Klown
 24403 | Zot:5    | Killed a Killer Klown
 24413 | Zot:5    | Gained mutation: You are very frail. (-20% HP) [mutagenic
                  | glow]
 24415 | Zot:5    | Gained mutation: Your body often deteriorates upon taking
                  | damage. [an orb of fire]
 24425 | Zot:5    | Killed a Killer Klown
 24428 | Zot:5    | Gained mutation: You are very clumsy. (Dex -4) [an orb of
                  | fire]
 24439 | Zot:5    | Killed an orb of fire
 24464 | Zot:5    | Killed a Killer Klown
 24470 | Zot:5    | Killed a Killer Klown
 24507 | Zot:5    | Reached skill level 22 in Fighting
 24521 | Zot:5    | Noticed an orb of fire
 24523 | Zot:5    | Noticed a golden dragon
 24529 | Zot:5    | Gained mutation: You are occasionally teleported next to
                  | monsters. [an orb of fire]
 24532 | Zot:5    | Noticed a Killer Klown
 24534 | Zot:5    | Killed a golden dragon
 24536 | Zot:5    | Noticed a golden dragon
 24541 | Zot:5    | Killed an orb of fire
 24551 | Zot:5    | Noticed an ancient lich
 24556 | Zot:5    | Killed a Killer Klown
 24567 | Zot:5    | Gained mutation: Scrolls take you longer to read.
                  | [mutagenic glow]
 24579 | Zot:5    | Killed a golden dragon
 24582 | Zot:5    | Killed an ancient lich
 24589 | Zot:5    | Reached XP level 23. HP: 196/196 MP: 2/15
 24605 | Zot:5    | Got the Orb of Zot
 24943 | Zot:4    | HP: 4/196 [Orb Guardian (22)]
 24956 | Zot:3    | Reached skill level 23 in Fighting
 25552 | D:6      | Noticed a seraph
 25562 | D:5      | Noticed Zoitomem the pandemonium lord
 25682 | D:$      | Escaped with the Orb!

Illustrated notes

Levels and vault maps discovered:
D:1:      tarquinn_simple_flora_water_c, layout_loops_corners
D:2:      layout_basic, elyvilon_altar_4
D:3:      layout_basic, minmay_misc_feat_tower, minmay_misc_feat_more_columns
D:4:      layout_loops_ring, minmay_mini_jars, uniq_robin
D:5:      layout_rooms, minmay_temple_entry_wispy, serial_shops, shop,
          first_ration, uniq_blork_the_orc
D:6:      layout_gridville
D:7:      layout_cave_pods, makhleb_altar_promises_db, uniq_crazy_yiuf_cottage
D:8:      layout_rooms, lemuel_doored_altar, serial_shops, nicolae_shop_trees
D:9:      layout_basic, kennysheep_small_spiral, uniq_pikel, uniq_harold
D:10:     minmay_the_grid_triangle_9x9_recursive_2_mashed
          [minmay_the_grid_triangle_9x9_prize_special,
          minmay_the_grid_triangle_9x9_tough_junction,
          minmay_the_grid_triangle_9x9_corrupted_corridor,
          minmay_the_grid_triangle_9x9_limited_checkers], layout_small_grid,
          grunt_tengu_nest, uniq_josephine, uniq_urug
D:11:     layout_stronghold, dpeg_oklobed_lair, zombieorc2_lemuel,
          palyth_stone_intersect
D:12:     layout_loops_ring
D:13:     layout_irregular_city
D:14:     layout_roguey, hangedman_vaults_entry_quadrant_bands,
          grunt_dithmenos_shadows, lemuel_nasty_fountain, uniq_frances,
          uniq_kirke
D:15:     grunt_enter_depths_snipers, layout_long_grid, serial_park_tiny_pond
Temple:   roderic_octagonal_lattice_temple
Lair:1:   layout_layer_cave, serial_bayou_shore_b, infiniplex_staircase_pool_2
Lair:2:   layout_roguey, eino_house_with_fridge
Lair:3:   layout_concentric_octagons, uniq_fannar
Lair:4:   layout_long_grid, elwin_shoals_entry_rooms, spider_nest_entry_a,
          nicolae_quartered_pool_medium, serial_bayou_pond_b
Lair:5:   layout_regular_city, gammafunk_ghost_necromancy, pond,
          serial_bayou_shore_a
Lair:6:   gammafunk_lair_ancient_temple, layout_regular_city,
          dpeg_slime_entry_enclosed_altar, serial_rivers,
          chequers_serial_rivers_micro_c, chequers_serial_rivers_micro_d,
          chequers_serial_rivers_micro_c, chequers_serial_rivers_large_a,
          chequers_serial_rivers_room_b
Shoals:1: layout_shoals
Shoals:2: layout_shoals, lemuel_centaur_altar
Shoals:3: nzn_motion_control, layout_shoals
Shoals:4: shoals_end_grunt_ice, layout_shoals, lightli_airlock
Spider:1: layout_spider_delve, uniq_asterion
Spider:2: layout_chambers, uniq_jorgrun
Spider:3: layout_spider_delve, nicolae_spider_cling_ruins
Spider:4: grunt_spider_rune_island, ebering_ghost_rock_garden,
          hangedman_spider_tarantella_strand
Slime:1:  layout_caves
Slime:2:  layout_caves
Slime:3:  layout_caves, uniq_dissolution
Slime:4:  layout_caves, cheibrodos_slime_lost_civilization_4
Slime:5
Orc:1:    layout_caves, serial_shops, shop, uniq_maurice, uniq_erolcha,
          uniq_sonja
Orc:2:    pf_orc_diabolical, layout_caves
Depths:1: layout_cave_pools, fountainhead, hangedman_coc_ice_floe,
          evilmike_ambush [evilmike_ambush_outer_basic,
          evilmike_ambush_inner_basic]
Depths:2: grunt_runaround [grunt_runaround_doors_1, grunt_runaround_doors_2,
          grunt_runaround_doors_3, grunt_runaround_doors_4,
          grunt_runaround_loot], serial_shops, hell_entry
Depths:3: minmay_skeletal_surprise, layout_gridville, pan_entry, hell_entry,
          kennysheep_nub, minmay_misc_feat_secret_circle
Depths:4: hourglass_vault, layout_gridlike, solitary_fountain,
          grunt_mini_vestibule, pan_entry, abyss_entry,
          onia_ninara_dug_in_and_dangerous, infiniplex_staircase_river,
          minmay_shop_grove, uniq_enchantress
Depths:5: grunt_zot_entry_bicorn, layout_cave_shapes, grunt_hell_entry_dis_old,
          minmay_room_of_horrors, hangedman_decor_diamond_cutter,
          grunt_decor_cap, kennysheep_random_hallway
Zot:1:    layout_gridlike
Zot:2:    layout_concentric_octagons
Zot:3:    layout_concentric_octagons
Zot:4:    hangedman_zot_vaults_quadrants, layout_cathedral_of_symmetry,
          st_stairs_14
Zot:5:    layout_misc_corridors

Skill      XL: |  1  2  3  4  5  6  7  8  9 10 11 12 13 14 15 16 17 18 19 20 21 22 23 |
---------------+----------------------------------------------------------------------+-----
Fighting       | 3 4 5 6 7 8 9 10 11 12 14 16 18 19 21 22 23 | 23.2
Axes           | 3 4 5 6 8 9 11 12 14 15 16 17 18 | 18.0
Armour         | 4 5 6 7 8 9 10 11 12 13 14 15 16 18 19 20 21 | 21.8
Shields        | 4 5 6 7 8 9 10 11 12 13 14 15 | 15.0
Invocations    | 1 3 5 7 9 10 12 13 14 15 | 15.0
Dodging        | 3 7 8 |  8.0
Evocations     | 6 |  6.0

Action                   |  1- 3 |  4- 6 |  7- 9 | 10-12 | 13-15 | 16-18 | 19-21 | 22-24 || total
-------------------------+-------+-------+-------+-------+-------+-------+-------+-------++-------
Melee: War axe           |    79 |   183 |   388 |   935 |   882 |       |       |       ||  2467
       Broad axe         |       |       |       |       |   291 |   735 |   630 |   344 ||  2000
Invok: Lesser Servant of |       |       |       |    14 |     5 |     1 |       |       ||    20
       Greater Servant o |       |       |       |     1 |       |       |     3 |     1 ||     5
 Abil: Heal Wounds       |     1 |     7 |    14 |    29 |     7 |     3 |    16 |    14 ||    91
       Evoke Flight      |       |       |       |       |       |     4 |       |       ||     4
Evoke: Wand              |       |       |       |     6 |     1 |       |       |       ||     7
       Tin of tremorston |       |       |       |       |       |     2 |     2 |       ||     4
  Use: Scroll            |       |     5 |     7 |    10 |    19 |     2 |    15 |     7 ||    65
       Potion            |       |       |     1 |       |       |     2 |     6 |     1 ||    10
 Stab: Paralysed         |       |       |       |     5 |     2 |       |       |       ||     7
       Distracted        |       |       |       |     3 |     2 |     6 |    22 |     3 ||    36
  Eat: Chunk             |       |     2 |     7 |    11 |    20 |    10 |     4 |       ||    54
       Ration            |       |       |     1 |     3 |     1 |     2 |     2 |     1 ||    10
Armor: Scale mail        |    31 |    77 |    59 |       |       |       |       |       ||   167
       Chain mail        |       |       |   118 |   392 |   384 |       |       |       ||   894
       Plate armour      |       |       |       |       |    20 |   286 |   107 |       ||   413
       Gold dragon scale |       |       |       |       |       |       |   185 |   277 ||   462
Dodge: Dodged            |    24 |    55 |   145 |   355 |   362 |   169 |   131 |    56 ||  1297
Block: Kite shield       |    36 |   114 |   221 |   553 |   445 |       |       |       ||  1369
       Tower shield      |       |       |       |       |   372 |   976 |   801 |   544 ||  2693
